3A
GRAND FORKS CATERPILLARS @ HOGSMEADE CAULDRONS
06/26/2022
 
TOP OF THE 1ST
Grand Forks Caterpillars batting - Pitching for Hogsmeade Cauldrons : RHP Javier Pérez
Pitching: RHP Javier Pérez
Batting: SHB Luchino Salimbeni 0-0: Called Strike
0-1: Foul Ball, location: 2F
0-2: Strikes out swinging
Batting: RHB Nathaniel Gault 0-0: Ball
1-0: Ground out 4-3 (Groundball, 34)
Batting: RHB Nobuhiko Nakayama 0-0: Ball
1-0: Ball
2-0: Called Strike
2-1: DOUBLE (Groundball, 5L)
Batting: RHB Vicente Cruz 0-0: Ball
1-0: Ball
2-0: Ball
3-0: Base on Balls
Batting: RHB Jesús Vásquez 0-0: Ball
1-0: Foul Ball, location: 2F
1-1: Foul Ball, location: 2F
1-2: Foul Ball, location: 2F
1-2: Strikes out looking
Top of the 1st over - 0 run(s), 1 hit(s), 0 error(s), 2 left on base; Grand Forks 0 - Hogsmeade 0
BOTTOM OF THE 1ST
Hogsmeade Cauldrons batting - Pitching for Grand Forks Caterpillars : RHP Luis Villabos
Pitching: RHP Luis Villabos
Batting: RHB Jesús Cisneros 0-0: Bunt missed!
0-1: Fly out, F3 (Popup, 3SF)
Batting: RHB Gonzalo Ángel 0-0: Ball
1-0: Foul Ball, location: 2F
1-1: Foul Ball, location: 2F
1-2: Ground out 4-3 (Groundball, 4M)
Batting: RHB Raúl Reyna 0-0: Ball
1-0: Ball
2-0: Ball
3-0: Base on Balls
Batting: SHB Fernando Sánchez 0-0: Called Strike
0-1: Swinging Strike
0-2: Strikes out looking
Bottom of the 1st over - 0 run(s), 0 hit(s), 0 error(s), 1 left on base; Grand Forks 0 - Hogsmeade 0
TOP OF THE 2ND
Grand Forks Caterpillars batting - Pitching for Hogsmeade Cauldrons : RHP Javier Pérez
Batting: RHB Fokke Willemsen 0-0: Foul Ball, location: 2F
0-1: Ball
1-1: Foul Ball, location: 2F
1-2: Strikes out swinging
Batting: RHB Ab van der Kamp 0-0: Ball
1-0: Called Strike
1-1: Ball
2-1: Ground out 5-3 (Groundball, 56)
Batting: LHB Armando Becerra 0-0: Ground out 4-3 (Groundball, 4)
Top of the 2nd over - 0 run(s), 0 hit(s), 0 error(s), 0 left on base; Grand Forks 0 - Hogsmeade 0
BOTTOM OF THE 2ND
Hogsmeade Cauldrons batting - Pitching for Grand Forks Caterpillars : RHP Luis Villabos
Batting: RHB Ernesto Souza 0-0: Ground out 6-3 (Groundball, 6)
Batting: RHB Héctor Casas 0-0: SINGLE (Groundball, 56D)
Batting: RHB Reynaldo Pérez 0-0: Ball
1-0: Ball
2-0: Ball
3-0: Called Strike
3-1: Swinging Strike
3-2: Base on Balls
Héctor Casas to second
Batting: RHB Santiago Mosca 0-0: Ball
1-0: Ball
2-0: Ball
3-0: Base on Balls
Héctor Casas to third
Reynaldo Pérez to second
Batting: RHB Jim Unknown 0-0: TRIPLE (Flyball, 89M)
Héctor Casas scores
Reynaldo Pérez scores
Santiago Mosca scores
Batting: RHB Jesús Cisneros 0-0: Called Strike
0-1: Swinging Strike
0-2: Ground out 6-3 (Groundball, 6MS)
Jim Unknown scores
Batting: RHB Gonzalo Ángel 0-0: Called Strike
0-1: Ball
1-1: Foul Ball, location: 2F
1-2: Foul Ball, location: 2F
1-2: Strikes out looking
Bottom of the 2nd over - 4 run(s), 2 hit(s), 0 error(s), 0 left on base; Grand Forks 0 - Hogsmeade 4
TOP OF THE 3RD
Grand Forks Caterpillars batting - Pitching for Hogsmeade Cauldrons : RHP Javier Pérez
Batting: LHB Felipe Trujillo 0-0: Ground out 4-3 (Groundball, 4)
Batting: SHB Luchino Salimbeni 0-0: Ball
1-0: Ball
2-0: Foul Ball, location: 2F
2-1: Called Strike
2-2: Ball
3-2: Strikes out swinging
Batting: RHB Nathaniel Gault 0-0: Called Strike
0-1: Called Strike
0-2: Ball
1-2: Ball
2-2: Ground out 5-3 (Groundball, 5)
Top of the 3rd over - 0 run(s), 0 hit(s), 0 error(s), 0 left on base; Grand Forks 0 - Hogsmeade 4
BOTTOM OF THE 3RD
Hogsmeade Cauldrons batting - Pitching for Grand Forks Caterpillars : RHP Luis Villabos
Batting: RHB Raúl Reyna 0-0: Ball
1-0: Ball
2-0: SINGLE (Groundball, 56S)
Batting: SHB Fernando Sánchez 0-0: Called Strike
0-1: Ball
1-1: Ball
2-1: Foul Ball, location: 2F
2-2: DOUBLE (Line Drive, 89XD)
Raúl Reyna to third
Runner from 3rd tries for Home, SAFE, no throw or cutoff
Batting: RHB Ernesto Souza 0-0: Ball
1-0: Foul Ball, location: 2F
1-1: Ball
2-1: Ball
3-1: Base on Balls
Batting: RHB Héctor Casas 0-0: Ball
1-0: Called Strike
1-1: Ball
2-1: Swinging Strike
2-2: Strikes out swinging
Batting: RHB Reynaldo Pérez 0-0: Ball
1-0: Ball
2-0: Foul Ball, location: 2F
2-1: Foul Ball, location: 2F
2-2: Ball
Wild Pitch!
Fernando Sánchez to third
Ernesto Souza to second
3-2: Foul Ball, location: 2F
3-2: Base on Balls
Batting: RHB Santiago Mosca 0-0: Grounds into double play, 4-6-3 (Groundball, 4)
Bottom of the 3rd over - 1 run(s), 2 hit(s), 0 error(s), 2 left on base; Grand Forks 0 - Hogsmeade 5
TOP OF THE 4TH
Grand Forks Caterpillars batting - Pitching for Hogsmeade Cauldrons : RHP Javier Pérez
Batting: RHB Nobuhiko Nakayama 0-0: Called Strike
0-1: Called Strike
0-2: Strikes out swinging
Batting: RHB Vicente Cruz 0-0: Called Strike
0-1: Ball
1-1: Called Strike
1-2: Ball
2-2: Ground out 4-3 (Groundball, 4M)
Batting: RHB Jesús Vásquez 0-0: DOUBLE (Flyball, 89M)
Batting: RHB Fokke Willemsen 0-0: Swinging Strike
0-1: Called Strike
0-2: Strikes out swinging
Top of the 4th over - 0 run(s), 1 hit(s), 0 error(s), 1 left on base; Grand Forks 0 - Hogsmeade 5
BOTTOM OF THE 4TH
Hogsmeade Cauldrons batting - Pitching for Grand Forks Caterpillars : RHP Luis Villabos
Batting: RHB Jim Unknown 0-0: Called Strike
0-1: Foul Ball, location: 2F
0-2: Ball
1-2: Ball
2-2: Strikes out looking
Batting: RHB Jesús Cisneros 0-0: Swinging Strike
0-1: Foul Ball, location: 2F
0-2: Ball
1-2: Strikes out swinging
Batting: RHB Gonzalo Ángel 0-0: Fly out, F8 (Flyball, 8LM)
Bottom of the 4th over - 0 run(s), 0 hit(s), 0 error(s), 0 left on base; Grand Forks 0 - Hogsmeade 5
TOP OF THE 5TH
Grand Forks Caterpillars batting - Pitching for Hogsmeade Cauldrons : RHP Javier Pérez
Batting: RHB Ab van der Kamp 0-0: Ball
1-0: Called Strike
1-1: Fly out, F7 (Flyball, 78M)
Batting: LHB Armando Becerra 0-0: Ball
1-0: Fly out, F9 (Flyball, 89S)
Batting: LHB Felipe Trujillo 0-0: Ground out 4-3 (Groundball, 34)
Top of the 5th over - 0 run(s), 0 hit(s), 0 error(s), 0 left on base; Grand Forks 0 - Hogsmeade 5
BOTTOM OF THE 5TH
Hogsmeade Cauldrons batting - Pitching for Grand Forks Caterpillars : RHP Luis Villabos
Pitching: LHP Juan Costello
Batting: RHB Raúl Reyna 0-0: Ball
1-0: Ground out 3-1 (Groundball, 34)
Batting: SHB Fernando Sánchez 0-0: Ball
1-0: Ball
2-0: Ball
3-0: Called Strike
3-1: Called Strike
3-2: Foul Ball, location: 2F
3-2: Reached on error, E5 (Groundball, 56)
Batting: RHB Ernesto Souza 0-0: Called Strike
0-1: Ball
1-1: Foul Ball, location: 2F
1-2: Grounds into double play, 5-4-3 (Groundball, 5)
Bottom of the 5th over - 0 run(s), 0 hit(s), 1 error(s), 0 left on base; Grand Forks 0 - Hogsmeade 5
TOP OF THE 6TH
Grand Forks Caterpillars batting - Pitching for Hogsmeade Cauldrons : RHP Javier Pérez
Batting: SHB Luchino Salimbeni 0-0: Ball
1-0: Called Strike
1-1: Foul Ball, location: 2F
1-2: Ball
2-2: Strikes out swinging
Batting: RHB Nathaniel Gault 0-0: Swinging Strike
0-1: Called Strike
0-2: Ball
1-2: Foul Ball, location: 2F
1-2: Ball
2-2: Strikes out swinging
Batting: RHB Nobuhiko Nakayama 0-0: Ball
1-0: Ground out 6-3 (Groundball, 6M)
Top of the 6th over - 0 run(s), 0 hit(s), 0 error(s), 0 left on base; Grand Forks 0 - Hogsmeade 5
BOTTOM OF THE 6TH
Hogsmeade Cauldrons batting - Pitching for Grand Forks Caterpillars : LHP Juan Costello
Batting: RHB Héctor Casas 0-0: Called Strike
0-1: Ball
1-1: Ball
2-1: Fly out, F7 (Line Drive, 7M)
Batting: RHB Reynaldo Pérez 0-0: Called Strike
0-1: Ball
1-1: Ball
2-1: Ball
3-1: Called Strike
3-2: Foul Ball, location: 2F
3-2: Base on Balls
Batting: RHB Santiago Mosca 0-0: Ground out 5-3 (Groundball, 5S)
Reynaldo Pérez to second
Batting: RHB Jim Unknown 0-0: Ball
1-0: Ball
Wild Pitch!
Reynaldo Pérez to third
2-0: Fly out, F7 (Flyball, 7M)
Bottom of the 6th over - 0 run(s), 0 hit(s), 0 error(s), 1 left on base; Grand Forks 0 - Hogsmeade 5
TOP OF THE 7TH
Grand Forks Caterpillars batting - Pitching for Hogsmeade Cauldrons : RHP Javier Pérez
Batting: RHB Vicente Cruz 0-0: Ground out 5-3 (Groundball, 56S)
Batting: RHB Jesús Vásquez 0-0: Ball
1-0: Foul Ball, location: 2F
1-1: Called Strike
1-2: Strikes out swinging
Batting: RHB Fokke Willemsen 0-0: Swinging Strike
0-1: Swinging Strike
0-2: Strikes out swinging
Top of the 7th over - 0 run(s), 0 hit(s), 0 error(s), 0 left on base; Grand Forks 0 - Hogsmeade 5
BOTTOM OF THE 7TH
Hogsmeade Cauldrons batting - Pitching for Grand Forks Caterpillars : LHP Juan Costello
Batting: RHB Jesús Cisneros 0-0: Called Strike
0-1: Ball
1-1: Ball
2-1: Foul Ball, location: 2F
2-2: Strikes out looking
Batting: RHB Gonzalo Ángel 0-0: Ball
1-0: Foul Ball, location: 2F
1-1: Swinging Strike
1-2: Fly out, F6 (Popup, 6S)
Batting: RHB Raúl Reyna 0-0: Called Strike
0-1: Ground out 5-3 (Groundball, 56)
Bottom of the 7th over - 0 run(s), 0 hit(s), 0 error(s), 0 left on base; Grand Forks 0 - Hogsmeade 5
TOP OF THE 8TH
Grand Forks Caterpillars batting - Pitching for Hogsmeade Cauldrons : RHP Javier Pérez
Batting: RHB Ab van der Kamp 0-0: Foul Ball, location: 2F
0-1: Foul Ball, location: 2F
0-2: Hit by Pitch
Batting: LHB Armando Becerra 0-0: Swinging Strike
0-1: Called Strike
0-2: Strikes out swinging
Batting: LHB Felipe Trujillo 0-0: Foul Ball, location: 2F
0-1: Fielders Choice at 2nd, 4-6 (Groundball, 4)
Batting: SHB Luchino Salimbeni 0-0: Ball
1-0: Swinging Strike
1-1: Ball
2-1: Called Strike
2-2: Strikes out swinging
Top of the 8th over - 0 run(s), 0 hit(s), 0 error(s), 1 left on base; Grand Forks 0 - Hogsmeade 5
BOTTOM OF THE 8TH
Hogsmeade Cauldrons batting - Pitching for Grand Forks Caterpillars : LHP Juan Costello
Batting: SHB Fernando Sánchez 0-0: Called Strike
0-1: Fly out, F5 (Popup, 5F)
Batting: RHB Ernesto Souza 0-0: Called Strike
0-1: SINGLE (Groundball, 4MD)
Batting: RHB Héctor Casas 0-0: Ground out 5-3 (Groundball, 15S)
Ernesto Souza to second
Batting: RHB Reynaldo Pérez 0-0: Ground out 6-3 (Groundball, 56)
Bottom of the 8th over - 0 run(s), 1 hit(s), 0 error(s), 1 left on base; Grand Forks 0 - Hogsmeade 5
TOP OF THE 9TH
Grand Forks Caterpillars batting - Pitching for Hogsmeade Cauldrons : RHP Javier Pérez
Pitching: RHP Jim Unknown
Now at C: Miguel Torres
Batting: RHB Nathaniel Gault 0-0: Called Strike
0-1: Swinging Strike
0-2: Strikes out swinging
Batting: RHB Nobuhiko Nakayama 0-0: Called Strike
0-1: Foul Ball, location: 2F
0-2: Strikes out swinging
Batting: RHB Vicente Cruz 0-0: Ball
1-0: Called Strike
1-1: Ball
2-1: Foul Ball, location: 2F
2-2: Strikes out swinging
Top of the 9th over - 0 run(s), 0 hit(s), 0 error(s), 0 left on base; Grand Forks 0 - Hogsmeade 5
This league is powered by Out of the Park Baseball, the baseball management simulation game for PC, Mac and Linux
Friday, April 15th, 2016 - OOTP Baseball 16.9 Build 39